 Dungeon Crawl Stone Soup version 0.28.0 (webtiles) character file.

Game seed: 3711620645993693106

10488 4FPSwarrior the Fighter (level 11, -14/89 HPs)
             Began as a Mummy Cinder Acolyte on Feb 5, 2022.
             Was an Initiate of Ignis.
             Demolished by a large slime creature (33 damage)
             ... on level 8 of the Dungeon.
             The game lasted 00:45:24 (19012 turns).

4FPSwarrior the Fighter (Mummy Cinder Acolyte)     Turns: 19012, Time: 00:45:25

Health: -14/89     AC:  8    Str: 18    XL:     11   Next: 36%
Magic:  6/23       EV: 11    Int: 14    God:    Ignis [......]
Gold:   527        SH:  0    Dex: 11    Spells: 20/27 levels left

rFire   . . .      SeeInvis +   q - +1 whip (flame)
rCold   + . .      Faith    .   (no shield)
rNeg    + + +      Spirit   .   A - +0 steam dragon scales
rPois   ∞          Reflect  .   s - +0 helmet
rElec   .          Harm     .   (no cloak)
rCorr   .          Rampage  .   l - +0 pair of gloves
Will    +....                   k - +0 pair of boots
Stlth   +.........              (no amulet)
HPRegen 0.24/turn               t - ring of see invisible
MPRegen 0.18/turn               (no ring)

@: no status effects
A: cold resistance 1, negative energy resistance 3, torment resistance 2, heat
vulnerability 1, no potions
a: Renounce Religion, Rising Flame


You were on level 8 of the Dungeon.
You worshipped Ignis.
Ignis was noncommittal.
You visited 1 branch of the dungeon, and saw 9 of its levels.

You collected 527 gold pieces.

Inventory:

Hand Weapons
 a - a -1 hand axe of flaming
 i - a +2 flail of draining
 q - a +1 whip of flaming (weapon)
 w - a +4 trident
 y - a +0 vampiric hand axe
Missiles
 g - 223 stones (quivered)
 n - 4 throwing nets
Armour
 b - a +0 robe
 k - a +0 pair of boots (worn)
 l - a +0 pair of gloves (worn)
 o - a +0 kite shield
 s - a +0 helmet (worn)
 A - +0 steam dragon scales (worn)
Jewellery
 t - a ring of see invisible (left hand)
Wands
 e - a wand of iceblast (11)
 u - a wand of mindburst (21)
Scrolls
 c - 2 scrolls of immolation
 d - 2 scrolls of identify
 f - a scroll of holy word {unknown}
 h - 2 scrolls of magic mapping
 j - a scroll of noise
 m - 2 scrolls of brand weapon
 p - a scroll of enchant weapon
 r - 3 scrolls of amnesia
 v - a scroll of fear {unknown}
 x - a scroll of summoning {unknown}
 z - a scroll of vulnerability {unknown}


   Skills:
 * Level 9.4 Fighting
 - Level 4.3(4.9) Axes
 - Level 3.2(4.3) Maces & Flails
 + Level 8.9 Spellcasting
 - Level 4.0 Hexes
 * Level 9.0 Necromancy
 + Level 6.8 Fire Magic


You had 20 spell levels left.
You knew the following spells:

 Your Spells              Type           Power      Damage    Failure   Level
a - Scorch                Fire           50%        2d7       1%          2
b - Animate Skeleton      Necr           62%        N/A       1%          1
c - Anguish               Hex/Necr       12%        N/A       9%          4

Your spell library contained the following spells:

 Spells                   Type           Power      Damage    Failure   Level
 Ensorcelled Hibernation  Hex/Ice        22%        N/A       8%          2
 Apportation              Tloc           12%        N/A       12%         1
 Magic Dart               Conj           24%        1d4       12%         1
 Summon Small Mammal      Summ           24%        N/A       12%         1
 Passwall                 Tmut/Erth      5%         N/A       19%         2
 Searing Ray              Conj           12%        2d4       19%         2
 Swiftness                Air            6%         N/A       34%         3
 Fulminant Prism          Conj/Hex       5%         3d7       45%         4
 Chain Lightning          Conj/Air       3%         3d4       100%        9
 Fire Storm               Conj/Fire      7%         8d2       100%        9
 Shatter                  Erth           3%         3d7*      100%        9
 Spider Form              Tmut/Pois      Unusable   N/A       N/A         3

Dungeon Overview and Level Annotations

Branches:
Dungeon (9/15)             Temple (0/1) D:6
   Lair: D:8-11         Orc: D:9-12

Altars:
Ashenzari
Cheibriados
Okawaru
Sif Muna
Trog
Vehumet
Yredelemnul

Annotations:
D:7 exclusion: statue


Innate Abilities, Weirdness & Mutations

You are immune to poison.
Your flesh is cold resistant. (rC+)
You are immune to negative energy. (rN+++)
You are immune to unholy pain and torment.
You are vulnerable to heat. (rF-)
You do not drink.


Message History

Casting: Scorch (safe; 1% risk of failure)
Confirm with . or Enter, or press ? or * to list all spells.
Flames lash the very large slime creature.
The very large slime creature is lightly wounded.
The very large slime creature's fire resistance burns away.
The slime creature barely misses you.
Unknown command.
The slime creature quivers.
Casting: Scorch (safe; 1% risk of failure)
Confirm with . or Enter, or press ? or * to list all spells.
Flames lash the slime creature.
The slime creature is burned terribly!
You kill the slime creature!
A very large slime creature splits.
Your Necromancy skill increases to level 9!
The slime creature hits you!
The slime creature is no longer more vulnerable to fire.
The large slime creature is no longer more vulnerable to fire.
The hornet zombie hits you! The hornet zombie hits you.
The hornet zombie hits you but does no damage.
There is a stone staircase leading up here.
The large slime creature barely misses you.
You climb upwards.
There is a stone staircase leading down here.
Casting: Scorch (safe; 1% risk of failure)
Confirm with . or Enter, or press ? or * to list all spells.
Flames lash the large slime creature.
The large slime creature is lightly wounded.
The large slime creature's fire resistance burns away.
The large slime creature hits you!!!
* * * LOW HITPOINT WARNING * * *
Casting: Scorch (safe; 1% risk of failure)
Confirm with . or Enter, or press ? or * to list all spells.
Flames lash the large slime creature.
The large slime creature is burned terribly!
The large slime creature is lightly wounded.
Okay, then.
The large slime creature barely misses you.
The large slime creature hits you!!
You die...

..........#
..........#
...###...###########
...########...##...#
.........#.........#
.........#.........#
.........#>........#
.........#.....J...#
.........#....##@..#
...###...##...##...#
######...##...##...#
....#....#.........#
....#....#.........#
....#....#.........#
#..#####.##4####...#
#..##.#####...##...#
...........>..#....#


You could see a large slime creature (combustible).

Vanquished Creatures
  A two-headed ogre (D:8)
  Pikel (D:5)
  Maggie (D:9)
  A centaur skeleton (D:9)
  An unseen horror (D:9)
  A redback zombie (D:9)
  A hellwing (D:9)
  A hornet (D:7)
  A slime creature (D:9)
  A meliai zombie (D:9)
  Sigmund (D:2)
  A wraith (D:8)
  16 yaks
  Grum (D:7)
  Edmund (D:5)
  A water moccasin (D:5)
  3 ice beasts
  2 black bears
  A sky beast (D:5)
  4 wolves (D:8)
  4 ogres
  4 centaurs
  A phantom (D:6)
  2 bullfrogs (D:6)
  A gnoll sergeant (D:4)
  3 scorpions
  2 wyvern zombies
  A water moccasin skeleton (D:6)
  4 killer bees (D:9)
  3 wights (D:8)
  A bullfrog zombie (D:6)
  12 centaur zombies
  4 hounds
  5 orc priests
  2 bullfrog skeletons (D:5)
  Jessica (D:2)
  5 iguanas
  2 orc wizards (D:7)
  2 killer bee zombies
  A hound skeleton (D:4)
  4 howler monkey zombies
  7 adders
  3 gnolls
  4 shadow imps
  3 white imps
  3 ufetubi
  2 worms
  4 dart slugs
  12 orcs
  6 endoplasms
  2 giant cockroaches (D:3)
  3 hobgoblins
  2 jackals (D:3)
  4 kobolds
  4 quokkas
  7 ball pythons
  6 bats
  A frilled lizard (D:1)
  8 goblins
  7 rats
193 creatures vanquished.

Vanquished Creatures (collateral kills)
  A rat (D:3)
1 creature vanquished.

Vanquished Creatures (others)
  28 foxfires (D:4)
  4 fungi (D:5)
  11 withered plants (D:9)
43 creatures vanquished.

Grand Total: 237 creatures vanquished

Notes
Turn   | Place    | Note
-------+----------+-------------------------------------------
     0 | D:1      | 4FPSwarrior the Mummy Cinder Acolyte began the quest for
                  | the Orb.
     0 | D:1      | Reached XP level 1. HP: 18/18 MP: 2/2
   684 | D:1      | Reached XP level 2. HP: 17/24 MP: 4/4
   765 | D:1      | Learned a level 2 spell: Scorch
   788 | D:1      | Found a faded altar of an unknown god.
  1331 | D:1      | Learned a level 1 spell: Animate Skeleton
  1476 | D:2      | Noticed Sigmund
  2037 | D:2      | Reached XP level 3. HP: 29/29 MP: 6/6
  2318 | D:3      | Reached XP level 4. HP: 35/35 MP: 2/7
  2400 | D:3      | Reached skill level 1 in Necromancy
  2645 | D:3      | Found a snail-covered altar of Cheibriados.
  3492 | D:3      | Reached XP level 5. HP: 38/42 MP: 7/9
  3686 | D:4      | Reached XP level 6. HP: 44/48 MP: 6/11
  3731 | D:4      | Found a broken altar of Ashenzari.
  4797 | D:4      | Reached XP level 7. HP: 47/55 MP: 1/13
  5094 | D:5      | Entered Level 5 of the Dungeon
  5589 | D:5      | Noticed Pikel
  5614 | D:5      | Killed Pikel
  5615 | D:5      | Reached skill level 5 in Fighting
  5615 | D:5      | Reached skill level 5 in Spellcasting
  5615 | D:5      | Reached XP level 8. HP: 14/62 MP: 5/15
  6137 | D:5      | Reached skill level 1 in Maces & Flails
  6275 | D:5      | Noticed Edmund
  6283 | D:5      | Killed Edmund
  6424 | D:5      | Found a shimmering blue altar of Sif Muna.
  6685 | D:5      | Reached skill level 5 in Fire Magic
  6969 | D:6      | Learned a level 4 spell: Anguish
  7256 | D:6      | Reached XP level 9. HP: 57/69 MP: 2/18
  7311 | D:6      | Reached skill level 5 in Necromancy
  7599 | D:6      | Found a staircase to the Ecumenical Temple.
  7631 | D:6      | Reached skill level 1 in Hexes
  7696 | D:6      | Found a bloodstained altar of Trog.
  9108 | D:7      | Found a radiant altar of Vehumet.
 10353 | D:8      | Noticed a two-headed ogre
 10934 | D:6      | Found an iron altar of Okawaru.
 11845 | D:2      | Killed Sigmund
 11910 | D:2      | Noticed Jessica
 11912 | D:2      | Killed Jessica
 12888 | D:7      | Found a radiant altar of Vehumet.
 13115 | D:7      | Reached XP level 10. HP: 17/79 MP: 5/21
 14830 | D:9      | Noticed Maggie
 14836 | D:9      | Killed Maggie
 15349 | D:9      | Found a basalt altar of Yredelemnul.
 16194 | D:8      | Noticed Grum
 16379 | D:7      | Killed Grum
 16797 | D:8      | Reached XP level 11. HP: 64/87 MP: 11/23
 17150 | D:8      | Killed a two-headed ogre
 18267 | D:9      | HP: 3/89 [hellwing (3)]
 19012 | D:8      | Demolished by a large slime creature

Illustrated notes

Levels and vault maps discovered:
D:1:      mrwooster_arrival_statue_3, layout_basic, basic_ecumenical_altar
D:2:      layout_loops_cross, uniq_sigmund, uniq_jessica
D:3:      minmay_inner_zag, layout_loops_ring, mainiacjoe_overflow_alcove_2,
          minmay_crystal_room
D:4:      layout_cave_pools, evilmike_ruin_ashenzari, kennysheep_doodads,
          chequers_serial_rivers_micro_c
D:5:      layout_loops_corners, mainiacjoe_overflow_boulevard, uniq_pikel,
          uniq_edmund
D:6:      layout_layer_cave, okawaru_ov_weapons_minmay,
          mainiacjoe_overflow_chevrons, minmay_temple_entry_drinking_statues
D:7:      layout_basic, vehumet_statue
D:8:      layout_gridville, uniq_grum
D:9:      cheibrodos_grave_circle, layout_loops_cross,
          nicolae_yredelemnul_corpse_copse, uniq_maggie

Skill      XL: |  1  2  3  4  5  6  7  8  9 10 11 |
---------------+----------------------------------+-----
Spellcasting   | 2 3 4 5 6 7 8 |  8.9
Necromancy     | 1 2 3 4 6 8 9 |  9.0
Fire Magic     | 3 4 5 6 |  6.8
Axes           | 3 4 |  4.3
Fighting       | 4 5 6 7 8 9 |  9.4
Maces & Flails | 2 3 |  3.2
Hexes          | 2 4 |  4.0

Action                   |  1- 3 |  4- 6 |  7- 9 | 10-12 || total
-------------------------+-------+-------+-------+-------++-------
Melee: Hand axe          |   116 |   121 |    31 |       ||   268
       Punch             |       |     2 |       |     1 ||     3
       Whip              |       |       |    24 |    50 ||    74
Throw: Stone             |     1 |     9 |       |       ||    10
 Cast: Scorch            |     7 |    33 |   198 |   240 ||   478
       Animate Skeleton  |     4 |     6 |     9 |     2 ||    21
       Anguish           |       |       |       |     5 ||     5
Invok: Fiery Armour      |     2 |     4 |     3 |     1 ||    10
       Foxfire Swarm     |       |     2 |       |       ||     2
Evoke: Wand              |       |       |       |     2 ||     2
  Use: Scroll            |     1 |       |     4 |     5 ||    10
 Stab: Sleeping          |     1 |     1 |       |       ||     2
Armor: Robe              |    39 |    51 |    63 |    15 ||   168
       Steam dragon scal |       |       |       |    92 ||    92
Dodge: Dodged            |    82 |   104 |   100 |   190 ||   476
